Map: Orbital Shipyard

Players

Miszu - Winner!

  • Race: Terran Terran
  • League: Grandmaster

VOD

Have the link to the VOD?

Description

Time

  • Played on: Feb. 8, 2016, 2:30 p.m.
  • Length: 16:49
Show
View Real Time Build Order
Export as new Build Order

Miszu Terran - Winner!

Build Orders:  

Get SALT Encoding   

  12  0:03  SCV  
  12  0:15  SCV  
  12  1:00  Supply Depot, SCV  
  12  1:04  Command Center  
  12  2:18  Barracks  
  12  2:19  SCV  
  12  2:21  SCV  
  12  2:31  SCV  
  12  2:33  SCV  
  12  2:35  Command Center  
  12  2:43  SCV  
  12  2:45  SCV  
  12  3:04  Orbital Command  
  12  3:05  Orbital Command  
  12  3:16  Command Center  
  12  3:40  Command Center  
  12  4:05  Orbital Command  
  12  4:07  SCV x2  
  12  4:12  Command Center  
  12  4:19  SCV  
  12  4:20  SCV  
  12  4:31  SCV  
  12  4:32  SCV  
  12  4:34  SCV x2  
  12  4:43  SCV  
  12  4:44  SCV  
  12  4:46  SCV x2  
  12  4:52  SCV  
  12  4:55  SCV  
  12  4:56  SCV  
  12  4:58  SCV x2  
  12  5:04  SCV  
  12  5:07  SCV  
  12  5:08  SCV  
  12  5:10  SCV x2  
  12  5:16  SCV  
  12  5:19  SCV  
  12  5:20  SCV  
  12  5:22  SCV x2  
  12  5:24  SCV  
  12  5:28  SCV  
  12  5:32  Supply Depot x2, SCV x2  
  12  5:33  Supply Depot  
  12  5:34  SCV  
  12  5:35  SCV  
  12  5:36  SCV  
  12  5:41  SCV  
  12  5:44  SCV x2  
  12  5:46  SCV  
  12  5:47  SCV  
  12  5:48  SCV  
  12  5:53  SCV  
  12  5:56  SCV x2  
  12  5:58  SCV  
  12  5:59  SCV  
  12  6:00  SCV  
  12  6:05  SCV  
  12  6:08  SCV x2  
  12  6:10  SCV  
  12  6:11  SCV  
  12  6:12  SCV  
  12  6:17  SCV  
  12  7:28  Command Center  
  12  7:32  Command Center  
  12  7:40  Command Center  
  12  7:45  Command Center  
  12  7:46  Command Center  
  12  7:47  Command Center  
  12  7:48  Command Center x2  
  12  7:52  Command Center  
  12  7:55  Command Center  
  12  7:57  Command Center  
  12  7:58  Command Center  
  12  7:59  Command Center  
  12  8:01  Command Center x2  
  12  8:02  Command Center x2  
  12  8:03  Command Center x2  
  12  8:06  Command Center  
  12  8:08  Command Center  
  12  8:11  Command Center  
  12  8:32  Orbital Command x3  
  12  9:19  Orbital Command  
  12  9:20  Orbital Command x20  
  12  9:22  Orbital Command  
Tags
 
Add a new tag
Caveats
  • Supply blocks, unpowered buildings, or Contaminate may cause inaccurate times.
  • Supply counts are checked every 10 seconds.